Unix NetHack Version 5.0.0-0 post-release - last build May  4 2026 22:22:43 (774f63e81ad911689b3a0859ea89b322d5daca8d,branch:main).

Game began 2026-05-08 05:10:12, ended 2026-05-08 05:33:24.

01246791210, neutral male human Barbarian

                                                                  ---------
         ----------                                             ##........|
         |........|                          --------------###### |.......|
         |.....s..|                          |......@r.....#     #........|
         |.........##  ----------            |......er.>..|      #|.......|
         ------.--- ## |..[.....-#           |............|      #|.(.....|
             ###     # |........|#           ---.------.---     ##|.......|
            ##       # |........|#                              # ---------
            #        # |........|#                  ## #        #
            #        ##...!.)..[|##                  #######    #
            #          |........| ##                 ##----.--  #
           ##          ----------  #                ## |.....|  #
           #                       #            #####  |.....|  #
        ---|-                      #   ##########      |......###
        |..!|                      # --.--------       |....(|
        |...-!#                    # |.........|       -------
        |..<| `######################..........|
        -----                        -----------

01246791210 the Pillager   St:18 Dx:17 Co:18 In:8 Wi:8 Ch:6  Neutral
Dlvl:3  $:46 HP:0(52) Pw:6(6) AC:7  Xp:4 T:1725 

Latest messages:
 Your floating eye corpse rots away.
 You kill the iguana!
 You kill the grid bug!
 You swap places with the peaceful acid blob.
 You see here a large box.
 You have a little trouble lifting a large box.  Continue? [ynq] (q) n
 You miss the red mold.
 You kill the red mold!
 Welcome to experience level 4.
 You see here a large box.
 You see here a large box.
 You have a little trouble lifting a large box.  Continue? [ynq] (q) n
 You smite the floating eye!
 You are frozen by the floating eye's gaze!
 The giant rat bites!
 The giant rat bites!
 The giant rat bites!
 The giant rat bites!
 The giant rat bites!
 The giant rat bites!
 The giant rat bites!
 The giant rat bites!
 The giant rat bites!
 The giant rat bites!
 The giant rat bites!
 The giant rat bites!
 The giant rat bites!
 The giant rat bites!
 The giant rat bites!
 The giant rat bites!
 The giant rat bites!
 The giant rat bites!
 The giant rat bites!
 The giant rat bites!
 The giant rat bites!
 The giant rat bites!
 The giant rat bites!
 The giant rat bites!
 The giant rat bites!
 The giant rat bites!
 The giant rat bites!
 The giant rat bites!
 The giant rat bites!
 The giant rat bites!
 You die...
 Do you want your possessions identified? [ynq] (y) y
 Do you want to see your attributes? [ynq] (y) n
 Do you want an account of creatures vanquished? [ynaq] (y) n
 Do you want to see your conduct and achievements? [ynq] (y) n
 Do you want to see the dungeon overview? [ynq] (y) n

Inventory:
 Coins    ('$')
  $ - 46 gold pieces
 Amulets  ('"')
  g - a cursed amulet of restful sleep
 Weapons  (')')
  b - a +0 axe (alternate weapon; not wielded)
  a - a blessed +0 two-handed sword (weapon in hands)
 Armor    ('[')
  h - a cursed +0 orcish helm
  c - an uncursed +0 ring mail (being worn)
 Comestibles  ('%')
  k - an uncursed lichen corpse
 Scrolls  ('?')
  l - an uncursed scroll of identify
 Potions  ('!')
  m - an uncursed potion of monster detection
 Tools    ('(')
  f - an uncursed locked large box containing 2 items
  n - a magic marker (0:72)
  e - an uncursed oil lamp
 Gems/Stones  ('*')
  j - an uncursed touchstone

Contents of the large box:
  an uncursed worthless piece of red glass
  an uncursed worthless piece of yellow glass

01246791210 the Barbarian's attributes:

Background:
 You were a Pillager, a level 4 male human Barbarian.
 You were neutral, nominally on a mission for Crom
 who was opposed by Mitra (lawful) and Set (chaotic).
 You were right-handed.
 You were in the Dungeons of Doom, on level 3.
 You entered the dungeon 1725 turns ago.
 It was nighttime.
 You had 83 experience points, 77 more were needed to attain level 5.

Basics:
 You had 0 out of 52 hit points.
 You had all 6 energy points (spell power).
 Your armor class was 7.
 Your wallet contained 46 zorkmids.
 Autopickup was off.

Final Characteristics:
 Your strength was 18 (limit:18/100).
 Your dexterity was 17 (limit:18).
 Your constitution was 18 (limit:18).
 Your intelligence was 8 (limit:18).
 Your wisdom was 8 (limit:18).
 Your charisma was 6 (limit:18).

Final Status:
 You weren't hungry.
 You were unencumbered.
 You were wielding a two-handed sword.
 You had basic skill with two-handed sword.

Final Attributes:
 You were devoutly aligned.
 You were poison resistant.
 You were warded.
 You are dead.

Miscellaneous:
 You didn't encounter any bones levels.
 Total elapsed playing time was 23 minutes and 7 seconds.

Major events:
 Turn
    1: 01246791210 the neutral male human Barbarian entered the dungeon
 1041: attained the rank of Pillager (level 3)
 1725: killed by a giant rat, while frozen by a floating eye's gaze

You didn't know any spells.

Skills:
 Fighting Skills
   bare handed combat [Basic]
   two weapon combat  [Unskilled]
   riding             [Unskilled]
 Weapon Skills
   dagger             [Unskilled]
   axe                [Basic]
   pick-axe           [Unskilled]
   short sword        [Unskilled]
   broadsword         [Unskilled]
   long sword         [Unskilled]
   two-handed sword   [Basic]
   saber              [Unskilled]
   club               [Unskilled]
   mace               [Unskilled]
   morning star       [Unskilled]
   flail              [Unskilled]
   hammer             [Unskilled]
   quarterstaff       [Unskilled]
   spear              [Unskilled]
   trident            [Unskilled]
   bow                [Unskilled]
 Spellcasting Skills
   attack spells      [Unskilled]
   escape spells      [Unskilled]

Voluntary challenges:
 Character rerolling was not enabled.
 You were an atheist.
 You were illiterate.
 You never genocided any monsters.
 You never polymorphed an object.
 You never changed form.
 You used no wishes.
Achievements:
 You entered a shop.
 You attained the rank of Pillager.

 The Dungeons of Doom: levels 1 to 3
    Level 1:
    Level 2:
       A scroll shop.
    Level 3: <- You were here.
       Final resting place for
          you, killed by a giant rat, while frozen by a floating eye's gaze.


Vanquished creatures:
  a floating eye
  a kitten
 an iguana
  a coyote
  a gas spore
  a manes
  2 red molds
  a gnome zombie
  a gecko
  2 jackals
  2 goblins
  a sewer rat
  5 grid bugs
  4 lichens
  2 kobold zombies
  5 newts
31 creatures vanquished.

No species were genocided or became extinct.

Game over:
                       ----------
                      /          \
                     /    REST    \
                    /      IN      \
                   /     PEACE      \
                  /                  \
                  |   01246791210    |
                  |      46 Au       |
                  |   killed by a    |
                  |    giant rat     |
                  |                  |
                  |                  |
                  |       2026       |
                 *|     *  *  *      | *
        _________)/\\_//(\/(/\)/\//\/|_)_______

Goodbye 01246791210 the Barbarian...

You died in The Dungeons of Doom on dungeon level 3 with 474 points,
and 46 pieces of gold, after 1725 moves.
You were level 4 with a maximum of 52 hit points when you died.

